 Dungeon Crawl Stone Soup version 0.19.5 (webtiles) character file.

82781 JeffiDaFish the Bludgeoner (level 15, -19/98 HPs)
             Began as a Gargoyle Fighter on Apr 17, 2017.
             Was the Champion of Okawaru.
             Killed from afar by Roxanne (47 damage)
             ... with a crystal spear
             ... on level 14 of the Dungeon on Apr 18, 2017.
             The game lasted 00:54:27 (20352 turns).

JeffiDaFish the Bludgeoner (Gargoyle Fighter)      Turns: 20352, Time: 00:54:28

Health: -19/98     AC: 34    Str: 25    XL:     15   Next: 74%
Magic:  0/15       EV: 13    Int:  5    God:    Okawaru [******]
Gold:   1345       SH: 16    Dex: 14    Spells: 0 memorised, 14 levels left

rFire  + . .     SeeInvis .     H - +7 morningstar (holy)
rCold  . . .     Gourm    .     B - +0 plate armour
rNeg   + . .     Faith    .     c - +1 shield
rPois  ∞         Spirit   +     m - +0 helmet
rElec  +         Reflect  .     k - +2 cloak
rCorr  .         Harm     .     y - +1 pair of gloves
MR     +....                    u - +0 pair of boots
Stlth  ..........               b - amulet of guardian spirit
                                t - ring "Teas" {+Fly rPois rF+ Str+4 Int-4}
                                I - +4 ring of evasion

@: flying
A: big wings, negative energy resistance 1, electricity resistance, unbreathing,
petrification resistance, rot immunity, AC +11
a: Stop Flying, Heroism, Finesse, Renounce Religion


You were on level 14 of the Dungeon.
You worshipped Okawaru.
Okawaru was exalted by your worship.
You were not hungry.

You visited 3 branches of the dungeon, and saw 21 of its levels.
You also visited: Bailey.

You collected 1345 gold pieces.

Inventory:

Hand Weapons
 H - a +7 morningstar of holy wrath (weapon)
 K - the +1 morningstar "Laigion" {crush, rF+}
   (Okawaru gifted it to you on level 6 of the Lair of Beasts)

   It inflicts extra damage upon your enemies.
   It protects you from fire.
Armour
 c - a +1 shield (worn)
 k - a +2 cloak (worn)
 m - a +0 helmet (worn)
 u - a +0 pair of boots (worn)
 y - a +1 pair of gloves (worn)
 B - a +0 plate armour (worn)
Jewellery
 b - an amulet of guardian spirit (around neck)
 j - an uncursed ring of resist corrosion
 t - the ring "Teas" (right hand) {+Fly rPois rF+ Str+4 Int-4}
   (You found it on level 6 of the Dungeon)

   [ring of poison resistance]

   It affects your strength (+4).
   It affects your intelligence (-4).
   It protects you from fire.
   It protects you from poison.
   It lets you fly.
 F - an uncursed ring of protection from fire
 I - a +4 ring of evasion (left hand)
Wands
 l - a wand of heal wounds (1/9)
 A - a wand of heal wounds (5/9)
Scrolls
 d - 3 scrolls of fog
 h - 10 scrolls of remove curse
 i - 18 scrolls of identify
 q - 4 scrolls of amnesia
 v - a scroll of blinking
 x - 3 scrolls of recharging
 C - 4 scrolls of fear
 E - 4 scrolls of teleportation
 L - a scroll of enchant weapon
 O - a scroll of magic mapping
Potions
 a - a potion of resistance
 g - 2 potions of magic
 p - a potion of brilliance
 r - 5 potions of curing
 z - 3 potions of cure mutation
 D - a potion of might
 G - 2 potions of berserk rage
 J - a potion of ambrosia
 P - a potion of agility
Books
 e - Mastering Thaumaturgy
   (You found it in a bailey)

   Spells                             Type                      Level
   a - Controlled Blink               Translocation                8
   b - Disjunction                    Translocation                8
Comestibles
 f - 8 bread rations
 n - 12 meat rations
 o - 61 fruits
 s - 9 beef jerkies
 w - 5 chunks of flesh


   Skills:
 + Level 13.0 Fighting
 + Level 16.4 Maces & Flails
 + Level 0.3 Throwing
 + Level 10.2 Armour
 + Level 4.4 Dodging
 + Level 1.9 Stealth
 + Level 16.1 Shields
 + Level 0.1 Evocations


You had 14 spell levels left.
You didn't know any spells.

Dungeon Overview and Level Annotations

Branches:
Dungeon (14/15)            Temple (1/1) D:7            Lair (6/6) D:11
  Swamp (0/4) Lair:3       Spider (0/4) Lair:3        Slime (0/5) Lair:5
    Orc (0/2) D:11         Vaults (0/5) D:14

Altars:
Ashenzari
Cheibriados
Dithmenos
Elyvilon
Fedhas
Gozag
Okawaru
Ru
Sif Muna
Uskayaw
Xom
Yredelemnul
Zin
The Shining One

Annotations:
D:14 exclusion: Roxanne, Roxanne


Innate Abilities, Weirdness & Mutations

You are resistant to torment.
Your stone body is resilient. (AC +11)
You are immune to poison.
Your large and strong wings let you fly indefinitely.
You resist negative energy. (rN+)
You are resistant to electric shocks. (rElec)
You can survive without breathing.
You are immune to petrification.
You are immune to rotting.


Message History

Roxanne is heavily damaged.
You hit Roxanne.
Roxanne is heavily damaged.
You hit Roxanne but do no damage.
Roxanne is heavily damaged.
Roxanne casts a spell.
You block the orb of energy.
The orb of energy explodes!
You impale Roxanne!!
Roxanne is heavily damaged.
You hit Roxanne but do no damage.
Roxanne is heavily damaged.
You bludgeon Roxanne!!
Roxanne is severely damaged.
Roxanne mumbles some strange words.
You block the crystal spear.
You puncture Roxanne!
Roxanne is severely damaged.
Roxanne casts a spell.
The crystal spear hits you!
You die...

########
.#####......#
#..#..........
..............
#####.............†
##.................†
#..................†
#.8................#
#..@.............#.#
###..............#..
##.............###.
#### #........>....##
#.
##...##.##.........##
### ##.......
##.......## ##..
#.......## ##.....##
##... #........##
##..### ##....
#.........## ####
##.....


You could see Roxanne.

Vanquished Creatures
  Gastronok (Lair:2)
  Kirke (Lair:6)
  A war gargoyle (D:13)
  4 dire elephants (Lair:6)
  Josephine (D:12)
  Fannar (D:12)
  Erolcha (D:13)
  4 vault guards (D:14)
  6 hydras
  An anaconda (Lair:6)
  11 death yaks (Lair:6)
  A queen ant (Lair:3)
  4 hill giants
  3 manticores
  5 cyclopes
  6 ugly things (D:14)
  3 oklob plants
  Maurice (D:8)
  3 black mambas
  10 elephants
  10 gargoyles
  8 spiny frogs
  A kobold demonologist (D:14)
  6 komodo dragons
  7 rime drakes
  3 trolls
  3 meliai (D:13)
  A hornet (D:14)
  4 slime creatures
  Grinder (D:5)
  2 two-headed ogres
  A polar bear (Lair:1)
  19 blink frogs
  8 hippogriffs
  4 dream sheep (Lair:6)
  15 wyverns
  2 shadows (D:14)
  4 wraiths (D:12)
  38 yaks
  15 basilisks
  A basilisk (shapeshifter) (D:14)
  2 hogs (Lair:6)
  A steam dragon (D:14)
  A hungry ghost (D:7)
  3 vampire mosquitoes (D:12)
  A mottled dragon (D:13)
  20 soldier ants (Lair:3)
  A hell hound (Lair:6)
  9 water moccasins
  8 porcupines
  7 orc warriors
  3 hornet zombies
  2 ice beasts (D:6)
  2 black bears
  A phantom (D:11)
  5 sky beasts
  4 necrophages (D:6)
  15 centaurs
  7 ogres
  17 wolves
  2 big kobolds (D:13)
  14 crocodiles
  13 bullfrogs
  9 scorpions
  21 killer bees
  3 howler monkeys
  8 wights
  3 crimson imps
  2 bullfrog zombies
  4 centaur zombies
  A quasit (D:5)
  4 hounds
  19 jellies
  9 orc priests
  8 orc wizards
  3 centaur skeletons
  Natasha (twice) (D:2)
  4 iguanas
  33 worker ants
  Terence (D:2)
  3 hound skeletons
  A worker ant zombie (D:8)
  Robin (D:2)
  5 gnolls (Bailey)
  10 adders
  A shadow imp (D:13)
  5 oozes
  2 adder skeletons
  An adder zombie (D:10)
  8 worms
  3 dart slugs (D:2)
  2 leopard geckos
  53 orcs
  6 giant cockroaches
  19 goblins
  12 hobgoblins
  18 jackals
  21 kobolds
  3 quokkas
  A ball python (D:5)
  8 bats
  7 frilled lizards
  A goblin zombie (D:5)
  A jackal skeleton (D:8)
  2 jackal zombies (D:6)
  A leopard gecko skeleton (D:8)
  A quokka skeleton (D:4)
  13 rats
  A bush (D:6)
  9 plants
712 creatures vanquished.

Vanquished Creatures (collateral kills)
  An ice beast (D:8)
  An iguana (D:8)
2 creatures vanquished.

Vanquished Creatures (others)
  3 humans (Lair:6)
  9 fungi
  11 plants
23 creatures vanquished.

Grand Total: 737 creatures vanquished

Notes
Turn   | Place    | Note
-------+----------+-------------------------------------------
     0 | D:1      | JeffiDaFish the Gargoyle Fighter began the quest for the Orb.
     0 | D:1      | Reached XP level 1. HP: 14/14 MP: 1/1
   264 | D:1      | Reached XP level 2. HP: 18/19 MP: 2/2
   644 | D:1      | Reached XP level 3. HP: 24/24 MP: 3/3
   661 | D:1      | Gained mutation: You are resistant to hostile enchantments. (MR+) [potion of mutation]
   661 | D:1      | Gained mutation: You are somewhat resistant to further mutation. [potion of mutation]
   661 | D:1      | Gained mutation: Scrolls take you a little longer to read. [potion of mutation]
   927 | D:2      | Noticed Terence
   949 | D:2      | Killed Terence
   949 | D:2      | Reached XP level 4. HP: 16/29 MP: 4/4
  1030 | D:2      | Noticed Robin
  1042 | D:2      | Killed Robin
  1163 | D:2      | Noticed Natasha
  1180 | D:2      | Killed Natasha
  1180 | D:2      | Reached XP level 5. HP: 4/34 MP: 5/5
  1251 | D:2      | Noticed Natasha
  1263 | D:2      | Killed Natasha
  2164 | D:3      | Reached skill level 1 in Dodging
  2164 | D:3      | Reached XP level 6. HP: 36/39 MP: 6/6
  2255 | D:3      | Found a shimmering altar of Xom.
  2265 | D:3      | You fall through a shaft for 2 floors!
  2265 | D:5      | Entered Level 5 of the Dungeon
  2412 | D:4      | Reached skill level 5 in Shields
  2603 | D:3      | Reached XP level 7. HP: 34/44 MP: 7/7
  3154 | D:4      | Reached skill level 5 in Maces & Flails
  3570 | D:4      | Found an opulent altar of Gozag.
  3721 | D:5      | Noticed Grinder
  3752 | D:5      | Killed Grinder
  3752 | D:5      | Reached XP level 8. HP: 38/48 MP: 4/8
  3838 | D:5      | Reached skill level 5 in Fighting
  4602 | D:6      | Reached skill level 5 in Armour
  4609 | D:6      | Reached XP level 9. HP: 35/55 MP: 6/9
  4625 | D:6      | Found a glowing golden altar of the Shining One.
  4663 | D:6      | Got a scintillating tin ring
  4666 | D:6      | Identified the ring "Teas" {+Fly rPois rF+ Str+4 Int-4} (You found it on level 6 of the Dungeon)
  4802 | D:6      | Found a blossoming altar of Fedhas.
  5429 | D:7      | Found a staircase to the Ecumenical Temple.
  5449 | Temple   | Entered the Ecumenical Temple
  5457 | Temple   | Became a worshipper of Warmaster Okawaru
  6122 | D:7      | Noticed a two-headed ogre
  6131 | D:7      | Reached XP level 10. HP: 61/61 MP: 10/10
  6279 | D:8      | Reached * piety under Okawaru
  6304 | D:8      | Found a basalt altar of Yredelemnul.
  6344 | D:8      | Found a shadowy altar of Dithmenos.
  6605 | D:8      | Noticed Maurice
  6638 | D:8      | Killed Maurice
  6638 | D:8      | Reached ** piety under Okawaru
  6885 | D:8      | Reached skill level 10 in Maces & Flails
  7289 | D:9      | Reached skill level 10 in Shields
  7317 | D:9      | Reached *** piety under Okawaru
  7489 | D:10     | Entered Level 10 of the Dungeon
  7489 | D:10     | Noticed a gargoyle
  7497 | D:10     | Killed a gargoyle
  7502 | D:10     | Reached XP level 11. HP: 67/67 MP: 11/11
  7568 | D:10     | Lost mutation: Scrolls take you a little longer to read. [potion of cure mutation]
  7568 | D:10     | Lost mutation: You are resistant to hostile enchantments. (MR+) [potion of cure mutation]
  7568 | D:10     | Lost mutation: You are somewhat resistant to further mutation. [potion of cure mutation]
  7734 | D:10     | Found a flagged portal.
  7743 | Bailey   | Entered a bailey
  7849 | Bailey   | Received a gift from Okawaru
  7953 | Bailey   | Identified Mastering Thaumaturgy
  8883 | D:11     | Noticed a hill giant
  8894 | D:11     | Killed a hill giant
  8894 | D:11     | Reached **** piety under Okawaru
  9006 | D:11     | Found a staircase to the Orcish Mines.
  9006 | D:11     | Noticed a manticore
  9017 | D:11     | Killed a manticore
  9201 | D:11     | Noticed an oklob plant
  9204 | D:11     | Found a staircase to the Lair.
  9218 | D:11     | Killed an oklob plant
  9415 | D:11     | Received a gift from Okawaru
  9852 | Lair:1   | Entered Level 1 of the Lair of Beasts
  9917 | Lair:1   | Reached ***** piety under Okawaru
 10414 | Lair:1   | Noticed a six-headed hydra
 10421 | Lair:1   | Killed a six-headed hydra
 10421 | Lair:1   | Reached XP level 12. HP: 57/75 MP: 8/12
 10805 | Lair:2   | Noticed Gastronok
 10859 | Lair:2   | Killed Gastronok
 10859 | Lair:2   | Reached ****** piety under Okawaru
 10927 | Lair:2   | Received a gift from Okawaru
 11158 | Lair:2   | You fall through a shaft for 2 floors!
 11859 | Lair:3   | Noticed a queen ant
 11881 | Lair:3   | Killed a queen ant
 11881 | Lair:3   | Reached skill level 1 in Stealth
 11896 | Lair:3   | Received a gift from Okawaru
 12073 | Lair:3   | Reached XP level 13. HP: 65/81 MP: 9/13
 12227 | Lair:3   | Reached skill level 10 in Fighting
 12479 | Lair:3   | Found a hole to the Spider Nest.
 12576 | Lair:3   | Found a staircase to the Swamp.
 14115 | Lair:5   | Found a staircase to the Slime Pits.
 14261 | Lair:5   | Received a gift from Okawaru
 14813 | Lair:6   | Entered Level 6 of the Lair of Beasts
 15068 | Lair:6   | Gained mutation: Your large and strong wings let you fly indefinitely. [Gargoyle growth]
 15068 | Lair:6   | Reached XP level 14. HP: 60/88 MP: 8/14
 15075 | Lair:6   | Received a gift from Okawaru
 15348 | Lair:6   | Reached skill level 15 in Maces & Flails
 15429 | Lair:6   | Noticed Kirke
 15450 | Lair:6   | Killed Kirke
 15520 | Lair:6   | Received a gift from Okawaru
 15921 | Lair:6   | Reached skill level 15 in Shields
 16986 | Lair:6   | Received a gift from Okawaru
 16989 | Lair:6   | Got a polished morningstar {god gift}
 16990 | Lair:6   | Identified the +1 morningstar "Laigion" {crush, rF+} (Okawaru gifted it to you on level 6 of the Lair of Beasts)
 16998 | Lair:6   | Noticed a dire elephant
 16998 | Lair:6   | Noticed a dire elephant
 17003 | Lair:6   | Noticed a dire elephant
 17027 | Lair:6   | Noticed a dire elephant
 17054 | Lair:6   | Killed a dire elephant
 17058 | Lair:6   | Killed a dire elephant
 17081 | Lair:6   | Killed a dire elephant
 17081 | Lair:6   | Reached XP level 15. HP: 24/96 MP: 2/15
 17697 | D:12     | Noticed Josephine
 17706 | D:12     | Killed Josephine
 17789 | D:12     | Noticed Fannar
 17801 | D:12     | Killed Fannar
 19234 | D:13     | Received a gift from Okawaru
 19625 | D:13     | Reached skill level 10 in Armour
 19642 | D:13     | Noticed Erolcha
 19651 | D:13     | Killed Erolcha
 19912 | D:14     | Found a gate to the Vaults.
 20328 | D:14     | Noticed Roxanne
 20352 | D:14     | Killed from afar by Roxanne

Skill      XL: |  1  2  3  4  5  6  7  8  9 10 11 12 13 14 15 |
---------------+----------------------------------------------+-----
Fighting       | 4 5 6 7 8 9 10 11 13 | 13.0
Shields        | 4 5 6 7 8 10 11 12 14 15 16 | 16.1
Maces & Flails | 3 4 5 6 8 10 12 13 14 15 16 | 16.4
Dodging        | 1 2 3 4 |  4.4
Armour         | 4 5 6 7 8 9 10 | 10.2
Stealth        | 1 |  1.9
Throwing       | |  0.3
Evocations     | |  0.1

Action                   |  1- 3 |  4- 6 |  7- 9 | 10-12 | 13-15 || total
-------------------------+-------+-------+-------+-------+-------++-------
Melee: Flail             |   170 |   291 |   519 |   479 |       ||  1459
       Morningstar       |       |       |       |   668 |  1529 ||  2197
Throw: Javelin           |       |       |       |     3 |       ||     3
 Abil: Evoke Flight      |       |       |       |     1 |       ||     1
       Fly               |       |       |       |       |     1 ||     1
  Use: Potion            |     4 |     2 |     3 |     7 |     7 ||    23
       Scroll            |     4 |     3 |     9 |     8 |     7 ||    31
  Eat: Chunk             |       |     7 |    14 |    18 |    29 ||    68
       Pizza             |       |       |       |     1 |       ||     1
       Beef jerky        |       |       |       |     1 |       ||     1
Armor: Chain mail        |   176 |   224 |   357 |   177 |       ||   934
       Plate armour      |       |       |       |   393 |   750 ||  1143
Dodge: Dodged            |    52 |    86 |   133 |   330 |   655 ||  1256
Block: Shield            |   137 |   202 |   379 |   872 |  1242 ||  2832
